 Dungeon Crawl Stone Soup version 0.27-a0-668-gb5737ff2c0 (webtiles) character file.

Game seed: 10898817518420977215

54 robertstho the Skirmisher (level 3, 0/24 HPs)
             Began as a Gargoyle Fighter on Mar 17, 2021.
             Slain by a goblin
             ... wielding a +0 dagger
             ... led by Robin
              (6 damage)
             ... on level 2 of the Dungeon.
             The game lasted 00:01:30 (1091 turns).

robertstho the Skirmisher (Gargoyle Fighter)        Turns: 1091, Time: 00:01:31

Health: 0/24       AC: 10    Str: 20    XL:     3   Next: 91%
Magic:  3/3        EV:  7    Int:  8    God:
Gold:   28         SH:  9    Dex:  9    Spells: 2/2 levels left

rFire    + . .     SeeInvis .   a - +0 flail
rCold    . . .     Faith    .   c - +0 kite shield
rNeg     + . .     Spirit   .   b - +0 scale mail
rPois    ∞         Reflect  .   (no helmet)
rElec    +         Harm     .   (no cloak)
rCorr    .         Rampage  .   (no gloves)
Will     .....                  (no boots)
Stlth    ..........             (no amulet)
HPRegen  0.08/turn              d - ring of protection from fire
MPRegen  0.08/turn              (no ring)

@: berserk cooldown, very slightly contaminated, slowed, very slow
A: AC +3, negative energy resistance 1, electricity resistance, torment
resistance 1, unbreathing 1, petrification resistance
a: no special abilities


You were on level 2 of the Dungeon.
You visited 1 branch of the dungeon, and saw 2 of its levels.

You collected 28 gold pieces.

Inventory:

Hand Weapons
 a - a +0 flail (weapon)
Armour
 b - a +0 scale mail (worn)
 c - a +0 kite shield (worn)
Jewellery
 d - a ring of protection from fire (right hand)
Scrolls
 g - a scroll of teleportation {unknown}
Potions
 f - 2 potions of curing {unknown}
 h - a potion of invisibility
 i - a potion of flight {unknown}
 j - a potion of cancellation {unknown}


   Skills:
 * Level 3.8 Fighting
 * Level 2.6 Maces & Flails
 + Level 3.8 Armour
 + Level 0.3 Dodging
 + Level 3.7 Shields


You had 2 spell levels left.
You didn't know any spells.
Your spell library contained the following spells:

 Spells                   Type           Power      Damage    Failure   Level
 Magic Dart               Conj           0%         1d3       99%         1
 Blink                    Tloc           N/A        N/A       100%        2
 Call Imp                 Summ           0%         N/A       100%        2
 Slow                     Hex            0%         N/A       100%        2
 Confusing Touch          Hex            0%         N/A       100%        3
 Conjure Flame            Conj/Fire      0%         6-21      100%        3
 Gell's Gravitas          Tloc           0%         N/A       100%        3
 Mephitic Cloud           Conj/Pois/Air  0%         N/A       100%        3
 Petrify                  Tmut/Erth      0%         N/A       100%        4
 Metabolic Englaciation   Hex/Ice        0%         N/A       100%        5
 Yara's Violent Unravell  Hex/Tmut       0%         3d3       100%        5


Dungeon Overview and Level Annotations

Branches:
Dungeon (2/15)

Altars:

Shops:
D:2 :


Innate Abilities, Weirdness & Mutations

Your stone body is resilient. (AC +3)
You are immune to poison.
You resist negative energy. (rN+)
You are resistant to electric shocks. (rElec)
You are resistant to unholy torment.
You can survive without breathing.
You are immune to petrification.


Message History

The stone barely misses the hobgoblin.
The stone hits Robin.
Robin hits you but does no damage.
You closely miss Robin.
Robin is almost dead.
Robin hits you but does no damage.
Robin roars a battlecry!
The goblins go into a battle-frenzy!
The goblin shoots a stone.
The stone misses the hobgoblin.
The stone hits Robin.
Robin dies!
The goblin shoots a stone.
The stone hits the hobgoblin.
You barely miss the hobgoblin. The hobgoblin barely misses you.
The goblin shoots a stone.
The stone barely misses the hobgoblin.
The stone hits the hobgoblin.
The hobgoblin dies!
The hobgoblin closely misses you.
You catch the helpless hobgoblin completely off-guard!
You hit the hobgoblin.
You kill the hobgoblin!
You flicker for a moment.
The goblin shoots a stone.
The stone hits the goblin.
The goblin dies!
The goblin shoots a stone.
The stone hits the hobgoblin.
The hobgoblin dies!
Your shield and scale mail prevent you from hitting the hobgoblin.
The hobgoblin shouts!
The goblin shoots a stone.
The stone hits the hobgoblin!
The hobgoblin dies!
The goblin unwields a +0 hunting sling.
The goblin wields a +0 dagger.
The goblin hits you with a +0 dagger. You block the goblin's attack.
Items here: )))) [[ ††.
You hit the goblin.
The goblin is severely wounded.
You flicker back into view.
You block the goblin's attack. The goblin hits you with a +0 dagger.
* * * LOW HITPOINT WARNING * * *
You closely miss the goblin.
The goblin is severely wounded.
The goblin barely misses you. The goblin hits you with a +0 dagger.
You die...

#### ##### #...##...##
........[.#### .............
<..........# ...........####
............... #..g# .#####
########## ###@# ......###
...##....# #)# #######......
...##....#######.####............
...##....(................#......
.........÷..................###.#
...##..........##...###########.#
...##....#.###.....#### ##..#
...##....#..#...#.....#### ##..##
...##.........#..<###....###..##.


You could see a goblin (strong).

Vanquished Creatures
  An adder (D:2)
  A dart slug (D:1)
  2 leopard geckos
  2 bats
  A giant cockroach (D:1)
  8 goblins
  3 hobgoblins
  4 jackals (D:1)
  2 quokkas
  2 frilled lizards
  3 kobolds
  A rat (D:2)
30 creatures vanquished.

Vanquished Creatures (others)
  Robin (D:2)
  2 goblins (D:2)
  3 hobgoblins (D:2)
6 creatures vanquished.

Grand Total: 36 creatures vanquished

Notes
Turn   | Place    | Note
-------+----------+-------------------------------------------
     0 | D:1      | robertstho the Gargoyle Fighter began the quest for the
                  | Orb.
     0 | D:1      | Reached XP level 1. HP: 14/14 MP: 1/1
   127 | D:1      | Reached XP level 2. HP: 19/19 MP: 2/2
   673 | D:2      | Found Noef's Book Shoppe.
   691 | D:2      | Reached XP level 3. HP: 24/24 MP: 3/3
   993 | D:2      | Found a faded altar of an unknown god.
  1064 | D:2      | Noticed Robin
  1085 | D:2      | Killed Robin
  1091 | D:2      | Slain by a goblin

Illustrated notes

Levels and vault maps discovered:
D:1:      tarquinn_simple_flora_water_d, layout_basic
D:2:      layout_rooms, chequers_ecumenical_altar_twisty, serial_shops,
          nicolae_shop_trees, kennysheep_generic_room_5, uniq_robin

Action                   || total
-------------------------++-------
Melee: Flail             ||   118
  Use: Scroll            ||     3
       Potion            ||     3
 Stab: Invisible         ||     3
Armor: Scale mail        ||    80
Dodge: Dodged            ||    34
Block: Kite shield       ||    54

Table legend: (Time is in decaauts)
 A = Elapsed time spent in this place.
 B = Non-inter-level travel time spent in this place.
 C = Inter-level travel time spent in this place.
 D = Time resting spent in this place.
 E = Time spent auto-exploring this place.
 F = Levels seen in this place.
 G = Mean time per level.
                   A        B        C        D        E       F      G
               +--------+--------+--------+--------+--------+-----+--------+
         Total |   1151 |   1146 |      5 |      0 |    874 |   2 |  575.5 |
       Dungeon |   1151 |   1146 |      5 |      0 |    874 |   2 |  575.5 |
               +--------+--------+--------+--------+--------+-----+--------+

Top non-repeatable levels by time:
     D:1: 641 daAuts
     D:2: 510 daAuts
